 Dungeon Crawl Stone Soup version 0.25.1-2-g60ff931df9 (webtiles) character file.

Game seed: 1258731439788832085

58 pokeman the Magician (level 3, 0/19 HPs)
             Began as a Deep Elf Wizard on Oct 3, 2020.
             Slain by an adder (1 damage)
             ... on level 2 of the Dungeon.
             The game lasted 00:01:41 (1354 turns).

pokeman the Magician (Deep Elf Wizard)              Turns: 1354, Time: 00:01:41

Health: 0/19       AC:  2    Str:  4    XL:     3   Next: 75%
Magic:  1/12       EV: 13    Int: 23    God:
Gold:   44         SH:  0    Dex: 13    Spells: 2/13 levels left

rFire    . . .     SeeInvis .   k - +1 dagger (venom)
rCold    . . .     Gourm    .   (no shield)
rNeg     . . .     Faith    .   a - +0 robe
rPois    .         Spirit   .   b - +0 hat
rElec    .         Reflect  .   (no cloak)
rCorr    .         Harm     .   (no gloves)
MR       .....                  (no boots)
Stlth    ++........             (no amulet)
HPRegen  0.06/turn              (no ring)
MPRegen  0.13/turn              (no ring)

@: lethally poisoned (0 -> -5), very slightly contaminated
A: no striking features
a: no special abilities


You were on level 2 of the Dungeon.
You were not hungry.

You visited 1 branch of the dungeon, and saw 2 of its levels.

You collected 44 gold pieces.

Inventory:

Hand Weapons
 k - a +1 dagger of venom (weapon)
Armour
 a - a +0 robe (worn)
 b - a +0 hat (worn)
Scrolls
 e - a scroll of blinking {unknown}
 f - 3 scrolls of magic mapping {unknown}
 h - a scroll of teleportation {unknown}
 i - 3 scrolls of identify {unknown}
 j - a scroll of remove curse {unknown}
 m - a scroll of noise {unknown}
Potions
 c - 2 potions of heal wounds {unknown}
 g - a potion of might {unknown}
Comestibles
 d - 2 rations
 l - 3 chunks of flesh


   Skills:
 + Level 3.0 Dodging
 + Level 2.7 Stealth
 + Level 5.8 Spellcasting
 + Level 1.8 Conjurations
 + Level 1.1 Summonings
 + Level 1.1 Translocations


You had 2 spell levels left.
You knew the following spells:

 Your Spells              Type           Power        Failure   Level  Hunger
a - Magic Dart            Conj           ###.         4%          1    None
b - Mephitic Cloud        Conj/Pois/Air  #.......     21%         3    #......
c - Call Imp              Summ           ##......     9%          2    None
d - Blink                 Tloc           N/A          9%          2    None
e - Conjure Flame         Conj/Fire      ##......     19%         3    #......

Your spell library contained the following spells:

 Spells                   Type           Power        Failure   Level  Hunger
 Slow                     Hex            #.......     13%         2    None


Dungeon Overview and Level Annotations

Branches:
Dungeon (2/15)

Altars:
Wu Jian


Message History

Confirm with . or Enter, or press ? or * to list all spells.
Aiming: Magic Dart (safe; 4% risk of failure)
Press: ? - help, Shift-Dir - straight line, f - adder
Aim: an adder The magic dart hits the adder.
The adder is lightly wounded.
The adder bites you.
* * * LOW HITPOINT WARNING * * *
You are lethally poisoned!
The adder poisons you!
Casting: Magic Dart (safe; 4% risk of failure)
Confirm with . or Enter, or press ? or * to list all spells.
Aiming: Magic Dart (safe; 4% risk of failure)
Press: ? - help, Shift-Dir - straight line, f/p - adder
Aim: an adder (lightly wounded)
The magic dart hits the adder.
The adder is heavily wounded.
* * * LOW HITPOINT WARNING * * *
You feel sick. The adder bites you.
You die...

#.###########
#...........#
######.#######.#
##...##.# #.#
#.....#.# #.####
#.......# #....##
#.....#.# #gl...#
##)..##.# #S##..#
##.###.# #@##..#
#.#
#.........##....
#.#
###.#.#######K###
####.#####. [.
..........^# >##
####.####..# .#
#.# .. ###...
....#..


You could see an adder, a leopard gecko and a hobgoblin.

Vanquished Creatures
  2 adders (D:2)
  An ooze (D:1)
  2 dart slugs (D:1)
  A leopard gecko (D:1)
  A giant cockroach (D:1)
  4 hobgoblins (D:1)
  2 jackals (D:2)
  3 bats
  A frilled lizard (D:1)
  7 goblins (D:1)
  3 kobolds (D:1)
  6 rats (D:1)
33 creatures vanquished.

Notes
Turn   | Place    | Note
-------+----------+-------------------------------------------
     0 | D:1      | pokeman the Deep Elf Wizard began the quest for the Orb.
     0 | D:1      | Reached XP level 1. HP: 10/10 MP: 7/7
   244 | D:1      | Reached XP level 2. HP: 9/15 MP: 1/9
   247 | D:1      | Reached skill level 5 in Spellcasting
   730 | D:1      | Reached XP level 3. HP: 19/19 MP: 2/12
   735 | D:1      | Learned a level 3 spell: Mephitic Cloud
   738 | D:1      | Learned a level 2 spell: Call Imp
   744 | D:1      | Learned a level 2 spell: Blink
   748 | D:1      | Learned a level 3 spell: Conjure Flame
  1208 | D:2      | Found an ornate altar of the Wu Jian Council.
  1354 | D:2      | Slain by an adder

Illustrated notes

Levels and vault maps discovered:
D:1:      scummos_arrival_hexagon, layout_rooms, minmay_misc_feat_alley
D:2:      layout_loops_ring, lemuel_round_altar

Skill      XL: |  1  2  3 |
---------------+----------+-----
Spellcasting   | 5 |  5.8
Dodging        | 3 |  3.0
Stealth        | |  2.7
Conjurations   | |  1.8
Summonings     | |  1.1
Translocations | |  1.1

Action                   || total
-------------------------++-------
Melee: Dagger            ||    11
 Cast: Magic Dart        ||    77
  Eat: Chunk             ||     1
Armor: Robe              ||     4
Dodge: Dodged            ||    12
